 Dungeon Crawl Stone Soup version 0.29-a0-311-gcbd9eb2193 (webtiles) character file.

Game seed: 4688634270244821564

8679 Leszczynek the Cleaver (level 11, 0/121 HPs)
             Began as a Human Gladiator on Mar 28, 2022.
             Was an Elder of Okawaru.
             Slain by an orc warrior
             ... wielding a +8 glaive
              (12 damage)
             ... in a bailey.
             The game lasted 00:40:20 (4555 turns).

Leszczynek the Cleaver (Human Gladiator)            Turns: 4555, Time: 00:40:21

Health: 0/121      AC:  7    Str: 25    XL:     11   Next: 60%
Magic:  14/15      EV: 20    Int: 10    God:    Okawaru [****..]
Gold:   348        SH:  0    Dex: 15    Spells: 10/10 levels left

rFire   . . .      SeeInvis .   a - +2 war axe (elec)
rCold   + . .      Faith    .   (no shield)
rNeg    . . .      Spirit   .   i - +0 ring mail
rPois   .          Reflect  .   c - +0 helmet
rElec   .          Harm     .   (no cloak)
rCorr   .          Rampage  .   (no gloves)
Will    .....                   (no boots)
Stlth   ..........              (no amulet)
HPRegen 0.30/turn               p - +4 ring of evasion
MPRegen 0.14/turn               G - +6 ring of strength

@: berserking, heroic, marked, very quick
A: clever 1, cold resistance 1, frail 1, MP-powered wands
a: Renounce Religion, Heroism, Finesse


You were in a bailey.
You worshipped Okawaru.
Okawaru was greatly pleased with you.
You visited 2 branches of the dungeon, and saw 11 of its levels.
You also visited: Bailey.

You collected 348 gold pieces.

Inventory:

Hand Weapons
 a - a +2 war axe of electrocution (weapon)
 b - a +0 shortbow
 e - the +2 war axe of Tosteef {antimagic, Will+}
   (You found it on level 9 of the Dungeon)

   It reduces the magical energy of the wielder, and disrupts the spells and
   magical abilities of those it strikes.
   Natural abilities and divine invocations are not affected.
   Will:      It increases your willpower.
 y - a +0 morningstar
 F - a +4 war axe
Missiles
 d - a throwing net (quivered)
 q - 16 poisoned darts
 u - 14 boomerangs
Armour
 c - a +0 helmet (worn)
 i - a +0 ring mail (worn)
 k - a +0 leather armour
Jewellery
 p - a +4 ring of evasion (left hand)
 C - a ring of protection from cold
 G - a +6 ring of strength (right hand)
 J - a ring of wizardry
Wands
 r - a wand of flame (17)
 s - a wand of digging (9)
 v - a wand of polymorph (8)
 D - a wand of iceblast (6)
Scrolls
 g - a scroll of identify {@r1}
 j - 5 scrolls of teleportation
 o - a scroll of torment {!r}
 x - 2 scrolls of holy word {!r}
 A - 2 scrolls of magic mapping
Potions
 f - 4 potions of curing {@q1}
 h - a potion of haste
 l - 2 potions of brilliance
 m - a potion of mutation {!q}
 n - a potion of ambrosia {unknown}
 t - a potion of attraction
 z - 6 potions of might
 B - a potion of magic {unknown}
 E - 2 potions of lignification {unknown}
 I - 2 potions of cancellation
 K - 2 potions of flight


   Skills:
 * Level 10.1(15.1) Fighting
 * Level 11.5(16.5) Axes
 + Level 6.3(11.3) Throwing
 + Level 5.5(10.5) Dodging
 + Level 5.3 Invocations


You had 10 spell levels left.
You didn't know any spells.
Your spell library contained the following spells:

 Spells                   Type           Power      Damage    Failure   Level
 Static Discharge         Conj/Air       0%         N/A       63%         2
 Stone Arrow              Conj/Erth      0%         3d7       86%         3
 Lightning Bolt           Conj/Air       0%         1d11      100%        5
 Lehudib's Crystal Spear  Conj/Erth      0%         10d2      100%        8
 Maxwell's Capacitive Co  Air            0%         ∞         100%        8
 Chain Lightning          Conj/Air       0%         N/A       100%        9
 Fire Storm               Conj/Fire      0%         5d1       100%        9
 Shatter                  Erth           0%         3d5*      100%        9
 Summon Small Mammal      Summ           Unusable   N/A       N/A         1
 Call Canine Familiar     Summ           Unusable   N/A       N/A         3
 Summon Guardian Golem    Hex/Summ       Unusable   N/A       N/A         3
 Animate Armour           Summ/Erth      Unusable   N/A       N/A         4

Dungeon Overview and Level Annotations

Branches:
Dungeon (10/15)            Temple (1/1) D:5            Lair (0/6) D:10
    Orc (0/2) D:10         Bailey (1/1)

Altars:
Cheibriados
Dithmenos
Elyvilon
Fedhas
Gozag
Hepliaklqana
Kikubaaqudgha
Nemelex Xobeh
Okawaru
Ru
Sif Muna
Trog
Wu Jian
Xom
Yredelemnul
Zin
The Shining One

Shops:
D:4 *

Annotations:
D:9 3 runed translucent doors, gruber's ghost, novice MiHu
D:10 lair


Innate Abilities, Weirdness & Mutations

Your mind is acute. (Int +2)
Your flesh is cold resistant. (rC+)
You are frail. (-10% HP)
You expend magic power (3 MP) to strengthen your wands.


Message History

Okay, then.
Throw: javelin
Press: ? - help, Q - select action, (/) - cycle Shift-Dir - straight line, f - gnoll
Aim: a gnoll, wielding a +0 hand axe and wearing a +0 leather armour (severely wounded, 73% to hit)
You throw a javelin. The javelin barely misses the gnoll.
The javelin barely misses the orc warrior.
The javelin pierces through the orc warrior!
The orc warrior is moderately wounded.
The gnoll completely misses you.
The orc warrior hits you from afar with a +8 glaive!!
Okay, then.
The gnoll attacks as you move away! The gnoll misses you.
Really quaff
w - a potion of berserk rage {!q}?
A red film seems to cover your vision as you go berserk!
You feel yourself moving faster!
You feel mighty! The gnoll hits you with a +0 hand axe.
The orc warrior hits you from afar with a +8 glaive!!
* * * LOW HITPOINT WARNING * * *
You slice the gnoll!! Lightning courses through the gnoll!!
You kill the gnoll!
Okawaru accepts your kill.
Unknown command.
The orc warrior completely misses you.
Things that are here:
a +0 hand axe; a +0 leather armour You slash the orc warrior!
The orc warrior is moderately wounded.
The orc warrior barely misses you.
You hit the orc warrior.
Lightning courses through the orc warrior!
The orc warrior is severely wounded.
You hit the orc warrior.
The orc warrior is almost dead.
The orc warrior barely misses you.
You closely miss the orc warrior.
The orc warrior is almost dead.
You barely miss the orc warrior.
The orc warrior is almost dead.
The orc warrior hits you with a +8 glaive!
You die...

####≈≈≈≈≈≈##
#..g..Ko####†≈≈≈≈≈
#≈≈≈≈≈≈≈†.#
####'####..#.....≈
≈≈≈≈≈≈..###
...o..g..###.... ≈≈≈≈≈≈..#
##'####g)'.#.... ####....#
#..###.... ##...#
#..#....⌠. ##..######
##)#......
#.......#########)........
##.......@ooggg)....(....#
###########o#############
###..##....#.#
#∩.##...#...##
#############


You could see 2 orc warriors, a gnoll, an orc and 2 hobgoblins.

Vanquished Creatures
  2 two-headed ogres
  A manticore (D:7)
  A troll (D:9)
  Prince Ribbit (D:8)
  Sigmund (D:6)
  A shadow (D:6)
  4 wyverns
  2 wraiths
  6 yaks (D:8)
  3 vampire mosquitoes (D:10)
  A warg (D:10)
  3 water moccasins
  A sky beast (D:6)
  4 orc warriors
  3 ice beasts
  A black bear (D:7)
  An ogre (D:5)
  4 centaurs
  2 phantoms
  A kobold brigand (D:9)
  4 bullfrogs
  4 necrophages
  2 scorpions (D:5)
  A gnoll sergeant (D:9)
  8 wights
  A killer bee (D:9)
  10 howler monkeys
  3 hounds
  4 jellies
  2 orc priests
  A gnoll shaman (D:5)
  4 iguanas
  Natasha (thrice) (D:4)
  2 orc wizards (D:8)
  14 gnolls
  5 adders
  A white imp (D:6)
  3 dart slugs
  2 worms
  34 orcs
  A bat (D:1)
  3 endoplasms
  2 giant cockroaches
  7 hobgoblins
  2 jackals
  35 kobolds
  3 quokkas
  11 ball pythons
  2 frilled lizards (D:1)
  6 goblins
  4 rats
227 creatures vanquished.

Vanquished Creatures (others)
  39 fungi
  154 plants
193 creatures vanquished.

Grand Total: 420 creatures vanquished

Notes
Turn   | Place    | Note
-------+----------+-------------------------------------------
     0 | D:1      | Leszczynek the Human Gladiator began the quest for the Orb.
     0 | D:1      | Reached XP level 1. HP: 16/16 MP: 1/1
    32 | D:1      | Reached XP level 2. HP: 13/22 MP: 2/2
   170 | D:2      | umm
   181 | D:2      | Gained mutation: Your mind is acute. (Int +2) [potion of
                  | mutation]
   181 | D:2      | Gained mutation: Your flesh is cold resistant. (rC+)
                  | [potion of mutation]
   181 | D:2      | Gained mutation: You are frail. (-10% HP) [potion of
                  | mutation]
   181 | D:2      | Gained mutation: You expend magic power (3 MP) to
                  | strengthen your wands. [potion of mutation]
   199 | D:2      | Reached XP level 3. HP: 19/25 MP: 3/3
   199 | D:2      | Reached XP level 4. HP: 23/30 MP: 4/4
   199 | D:2      | it's okay i didn't need my hp
   339 | D:3      | Reached skill level 3 in Fighting
   361 | D:2      | Reached XP level 5. HP: 31/36 MP: 5/5
   449 | D:4      | Reached skill level 4 in Axes
   562 | D:4      | Noticed Natasha
   573 | D:4      | Killed Natasha
   722 | D:4      | Reached XP level 6. HP: 21/42 MP: 6/6
   729 | D:4      | Noticed Natasha
   742 | D:4      | Killed Natasha
   768 | D:4      | Noticed Natasha
   778 | D:4      | Killed Natasha
   779 | D:4      | Reached skill level 3 in Throwing
   879 | D:5      | Entered Level 5 of the Dungeon
   883 | D:5      | Noticed an ogre
  1006 | D:5      | Reached skill level 4 in Fighting
  1031 | D:4      | Found Qoateh's Lightly-Used Armoury.
  1058 | D:5      | Noticed an ice beast
  1068 | D:5      | Killed an ice beast
  1069 | D:5      | Reached skill level 4 in Dodging
  1069 | D:5      | Reached XP level 7. HP: 34/48 MP: 1/7
  1101 | D:5      | Reached skill level 5 in Axes
  1121 | D:5      | Found a white marble altar of Elyvilon.
  1219 | D:5      | Reached skill level 5 in Fighting
  1250 | D:6      | Noticed Sigmund
  1257 | D:6      | Killed Sigmund
  1258 | D:6      | Reached skill level 6 in Axes
  1258 | D:6      | Reached skill level 4 in Throwing
  1258 | D:6      | Reached XP level 8. HP: 44/56 MP: 1/8
  1321 | D:6      | Reached skill level 6 in Fighting
  1447 | D:6      | Noticed a shadow
  1581 | D:5      | Reached skill level 7 in Axes
  1587 | D:5      | Reached XP level 9. HP: 45/63 MP: 9/9
  1690 | D:6      | Reached skill level 7 in Fighting
  1690 | D:6      | Reached skill level 5 in Throwing
  2287 | D:4      | temple not found
  2362 | D:6      | Reached skill level 8 in Axes
  2524 | D:7      | Reached skill level 8 in Fighting
  2535 | D:7      | Found a blossoming altar of Fedhas.
  2629 | D:7      | Reached XP level 10. HP: 48/72 MP: 10/10
  2802 | D:5      | Found a staircase to the Ecumenical Temple.
  2804 | D:5      | ohhhhhh
  2804 | D:5      | nicely hidden
  2811 | Temple   | Entered the Ecumenical Temple
  2817 | Temple   | Became a worshipper of Warmaster Okawaru
  2914 | D:7      | Noticed a manticore
  2934 | D:7      | Killed a manticore
  2935 | D:7      | Reached skill level 6 in Throwing
  2935 | D:7      | Reached skill level 5 in Dodging
  3036 | D:7      | Noticed a manticore
  3080 | D:7      | Reached skill level 9 in Axes
  3132 | D:8      | Reached * piety under Okawaru
  3192 | D:8      | Noticed a two-headed ogre
  3201 | D:8      | Reached skill level 1 in Invocations
  3281 | D:8      | Noticed Prince Ribbit
  3303 | D:8      | Killed Prince Ribbit
  3330 | D:8      | Reached skill level 2 in Invocations
  3331 | D:8      | Killed a two-headed ogre
  3331 | D:8      | Reached ** piety under Okawaru
  3332 | D:8      | Reached skill level 9 in Fighting
  3339 | D:8      | Reached skill level 10 in Axes
  3339 | D:8      | Reached skill level 3 in Invocations
  3357 | D:8      | Reached *** piety under Okawaru
  3360 | D:8      | Reached XP level 11. HP: 53/80 MP: 13/13
  3482 | D:9      | Noticed gruber's ghost (novice MiHu)
  3482 | D:9      | Found a runed translucent gate.
  3482 | D:9      | Found a runed translucent gate.
  3482 | D:9      | Found a runed translucent gate.
  3485 | D:9      | Identified the +2 war axe of Tosteef {antimagic, Will+}
  3487 | D:9      | kek
  3524 | D:8      | Noticed a skeletal warrior
  3524 | D:8      | Noticed a skeletal warrior
  3525 | D:8      | maaaaybe not
  3546 | D:9      | Reached skill level 4 in Invocations
  3613 | D:9      | Noticed a two-headed ogre
  3621 | D:9      | Killed a two-headed ogre
  3770 | D:9      | Reached skill level 11 in Axes
  3899 | D:9      | Found a sparkling altar of Nemelex Xobeh.
  3899 | D:9      | Found a glowing golden altar of the Shining One.
  3959 | D:10     | Entered Level 10 of the Dungeon
  3972 | D:10     | Reached **** piety under Okawaru
  3978 | D:10     | Reached skill level 5 in Invocations
  4157 | D:10     | Reached skill level 10 in Fighting
  4193 | D:10     | HP: 12/81 [vampire mosquito (10)]
  4242 | D:10     | Found a flagged portal.
  4259 | Bailey   | Entered a bailey
  4340 | Bailey   | ugh
  4548 | Bailey   | HP: 11/121 [orc warrior/+8 glaive (24)]
  4555 | Bailey   | Slain by an orc warrior

Illustrated notes ... #.# # #.# #. #. #.# #.h#.##.## #......$. #.......# #.. #@# #.#####.# #.##....# #.##.##.# #.......# #.†.....# #<#...#.# #.......# #.......# Turn 170 on D:2: umm #......$. #.......# #.. #.# #.#####.# #.##.(..# #.##.##.# #.......# #.†.....# #@#...#.# #.......# #.......# ........# ##.#...#.# #######.# .P # ### Turn 199 on D:2: it's okay i didn't need my hp ........####.∩.#.# .................# ......#..######### ####.....#.. ..# #.#...#.#####.# # #.#...#.#...#.# # #.##..#.....#.# # #...........#.######. # ####.>.......@....... # ##.........####### # ########### Turn 2287 on D:4: temple not found #≈≈§#...#≈≈§# #≈≈§#.>.#≈§§ #§≈§#...#≈≈ ≈≈≈##.##≈§ §≈≈#.#§§§ §§≈#.#§§§≈# #### §§≈#.#§≈≈§ ###..# #@# ##..... #.# #...... #.# ####..#.. #.# ##..#.###. #.# #.....#.#. #.# ###........ #.######.......#.. #..............#.. #####...#......#.. Turn 2804 on D:5: ohhhhhh #............ .............. .............# .............# .............# .....?.......##### .................. ..........<..### .......@....##P⌠P# ............#KK..K #####...?...+K###. #.......+W.. #.......+K### #.......#KK. #......!##P⌠ #..####..### Turn 3487 on D:9: kek

.#..##..#.... ###...
..#.....#.###
.....### #
###.###.... ......##
#.#.###.#. #......##
........>#
#...z.z)#.........##
#.......#....#(...
#......##..# ####.
#..@....... #.
#............ ..
#...........# ..
.............## ##
####..##......# ###
###...# ####


Turn 3525 on D:8: maaaaybe not ##.......## #.........# #....∩....# #.........#
##.......## ##.....## ###...## ##...#### ##..@..# ##.......# #..∩......
.......... ≈≈≈≈≈≈≈≈≈.. ≈≈≈≈≈≈≈≈≈≈≈≈ ≈≈#########≈≈ ≈≈K .. .g.. K≈ Turn 4340 on
Bailey: ugh

Levels and vault maps discovered:
D:1:      lightli_arrival_chessboard, layout_basic,
          ebering_ecumenical_altar_mist
D:2:      layout_loops_cross, serial_aquarium, aquarium_bridge_straight
          [aquarium_subvault_bridge, aquarium_subvault_wall,
          aquarium_subvault_bridge, aquarium_subvault_wall],
          aquarium_bridge_straight [aquarium_subvault_bridge,
          aquarium_subvault_wall, aquarium_subvault_bridge,
          aquarium_subvault_wall], aquarium_window_fake,
          aquarium_window_corridor_3, aquarium_window_fake, aquarium_view_2b,
          aquarium_pool_side, minmay_pentomino_w2
D:3:      gammafunk_steamed_eel, layout_loops_ring, mainiacjoe_overflow_paths,
          minmay_strange_pillars, uniq_grinder
D:4:      layout_basic, corexii_leaking_fountain, minmay_shop_damaged,
          kennysheep_boxes, uniq_eustachio, uniq_robin, uniq_natasha
D:5:      lemuel_ratsnest, layout_cave_pools, elyvilon_altar_5,
          minmay_temple_entry_poolview, grunt_ministairs_9, kennysheep_dice
D:6:      corexii_shack_village, layout_rooms, uniq_sigmund
D:7:      minmay_the_grid_triangle_9x9_recursive_2
          [minmay_the_grid_triangle_9x9_prize_schism,
          minmay_the_grid_triangle_9x9_limited_checkers,
          minmay_the_grid_triangle_9x9_wacky_v,
          minmay_the_grid_triangle_9x9_alien], layout_basic, fedhas_altar_1
D:8:      layout_cave_pools, mainiacjoe_overflow_catwalk, grunt_ministairs_2,
          columned_hall_lemuel, uniq_prince_ribbit1, uniq_maurice
D:9:      kennysheep_kobold_camp, layout_small_grid,
          gammafunk_temple_overflow_elements, gammafunk_ghost_nasty_kobolds
D:10:     layout_basic, due_lair_maze_entry_diamond, david_orc_3,
          enter_bailey_7, hangedman_abyss_or_decor_lesser_grid,
          chequers_serial_rivers_micro_c
Temple:   nicolae_temple_x_marks_the_god
Bailey:   bailey_axe_4, bailey

Skill      XL: |  1  2  3  4  5  6  7  8  9 10 11 |
---------------+----------------------------------+-----
Fighting       | 3 4 5 6 8 9 10 | 10.1
Axes           | 4 6 7 8 10 11 | 11.5
Throwing       | 3 4 5 6 |  6.3
Dodging        | 4 5 |  5.5
Invocations    | 3 5 |  5.3

Action                   |  1- 3 |  4- 6 |  7- 9 | 10-12 || total
-------------------------+-------+-------+-------+-------++-------
Melee: War axe           |    50 |   109 |   194 |   183 ||   536
       Punch             |     1 |     1 |     2 |     5 ||     9
Throw: Throwing net      |     3 |     3 |       |       ||     6
       Javelin           |     1 |     2 |     2 |     5 ||    10
       Dart              |       |     3 |       |       ||     3
       Boomerang         |       |     3 |    28 |    97 ||   128
Invok: Heroism           |       |       |       |    10 ||    10
Evoke: Wand              |       |     6 |     2 |    11 ||    19
  Use: Potion            |     4 |       |       |     3 ||     7
       Scroll            |       |       |     7 |     7 ||    14
 Stab: Paralysed         |       |     8 |     3 |     9 ||    20
Armor: Leather armour    |    12 |       |       |       ||    12
       Ring mail         |    13 |    26 |    40 |    27 ||   106
Dodge: Dodged            |    39 |    74 |   157 |   146 ||   416

Table legend: (Time is in decaauts)
 A = Elapsed time spent in this place.
 B = Non-inter-level travel time spent in this place.
 C = Inter-level travel time spent in this place.
 D = Time resting spent in this place.
 E = Time spent auto-exploring this place.
 F = Levels seen in this place.
 G = Mean time per level.
                   A        B        C        D        E       F      G
               +--------+--------+--------+--------+--------+-----+--------+
         Total |   4668 |   4271 |    397 |      5 |      0 |  12 |  389.0 |
       Dungeon |   4370 |   3976 |    394 |      5 |      0 |  10 |  437.0 |
        Temple |     10 |      7 |      3 |      0 |      0 |   1 |   10.0 |
        Bailey |    286 |    286 |      0 |      0 |      0 |   1 |  286.0 |
               +--------+--------+--------+--------+--------+-----+--------+

Top non-repeatable levels by time:
     D:4: 726 daAuts
     D:5: 715 daAuts
     D:7: 686 daAuts
     D:6: 672 daAuts
     D:9: 483 daAuts
     D:8: 349 daAuts
  Bailey: 286 daAuts
    D:10: 276 daAuts
     D:3: 163 daAuts
     D:1: 159 daAuts
     D:2: 137 daAuts
  Temple: 10 daAuts
